| TOP OF THE 1ST |
|
Ogden Spikes batting - Pitching for Medicine Hat Blue Jays : RHP Darrel Akerfelds
|
|
Pitching: RHP Darrel Akerfelds
|
|
|
Batting: LHB Roberto Casasnovas
|
0-0: Ball 1-0: Called Strike 1-1: Ball 2-1: Fly out, F8 (Flyball, 8RM, EV 76.3 MPH)
|
|
Batting: LHB Lenny Harris
|
0-0: Ball 1-0: Ball 2-0: Ball 3-0: Base on Balls
|
|
Batting: LHB Everett Graham
|
0-0: Called Strike Lenny Harris steals 2nd base 0-1: Swinging Strike 0-2: Ground out U3 (Groundball, 34, EV 100.6 MPH) Lenny Harris to third
|
|
Batting: LHB Sam Nattile
|
0-0: Fly out, F9 (Flyball, 9S, EV 92.5 MPH)
|
| Top of the 1st over - 0 runs, 0 hits, 0 errors, 1 left on base; Ogden 0 - Medicine Hat 0 |
| BOTTOM OF THE 1ST |
|
Medicine Hat Blue Jays batting - Pitching for Ogden Spikes : RHP Timothy Steverson
|
|
Pitching: RHP Timothy Steverson
|
|
|
Batting: RHB Burt Milley
|
0-0: Called Strike 0-1: Ball 1-1: Ball 2-1: Ground out 6-3 (Groundball, 56, EV 110.0 MPH)
|
|
Batting: RHB Thomas Norko
|
0-0: Called Strike 0-1: Swinging Strike 0-2: Ball 1-2: Fly out, F6 (Popup, 6, EV 73.1 MPH)
|
|
Batting: RHB Elias Corona
|
0-0: Foul Ball, location: 2F 0-1: Ball 1-1: Foul Ball, location: 2F 1-2: SINGLE (Line Drive, 8RS, EV 105.6 MPH)
|
|
Batting: RHB Carlos Ponce
|
0-0: Ball 1-0: Foul Ball, location: 2F 1-1: Ball 2-1: Called Strike 2-2: Ball 3-2: Foul Ball, location: 2F 3-2: Foul Ball, location: 2F 3-2: Foul Ball, location: 2F 3-2: Fly out, F9 (Flyball, 9LM, EV 90.0 MPH)
|
| Bottom of the 1st over - 0 runs, 1 hit, 0 errors, 1 left on base; Ogden 0 - Medicine Hat 0 |
| TOP OF THE 2ND |
|
Ogden Spikes batting - Pitching for Medicine Hat Blue Jays : RHP Darrel Akerfelds
|
|
Batting: LHB Dave Vetsch
|
0-0: Foul Ball, location: 2F 0-1: Ball 1-1: Called Strike 1-2: Ball 2-2: Strikes out swinging
|
|
Batting: RHB Jeffrey Smith
|
0-0: Ball 1-0: Foul Ball, location: 2F 1-1: Ball 2-1: SINGLE (Groundball, 5D, EV 97.5 MPH)
|
|
Batting: SHB Mark Lemke
|
0-0: Ball 1-0: Called Strike 1-1: Fly out, F6 (Flyball, 6MD, EV 90.0 MPH)
|
|
Batting: RHB Ken Kraft
|
0-0: Foul Ball, location: 2F 0-1: Ball 1-1: Ball 2-1: Foul Ball, location: 2F 2-2: Ball 3-2: Foul Ball, location: 2F 3-2: SINGLE (Groundball, 56D, EV 96.3 MPH) Jeffrey Smith to second Jeffrey Smith to third
|
|
Batting: RHB Terry Bell
|
0-0: Called Strike 0-1: Ball 1-1: Ball 2-1: Ball 3-1: Base on Balls Ken Kraft to second
|
|
Batting: LHB Roberto Casasnovas
|
0-0: Called Strike 0-1: Swinging Strike 0-2: Foul Ball, location: 2F 0-2: Fielders Choice at 2nd, U6 (Groundball, 6M, EV 85.6 MPH)
|
| Top of the 2nd over - 0 runs, 2 hits, 0 errors, 3 left on base; Ogden 0 - Medicine Hat 0 |
| BOTTOM OF THE 2ND |
|
Medicine Hat Blue Jays batting - Pitching for Ogden Spikes : RHP Timothy Steverson
|
|
Batting: RHB Greg Legg
|
0-0: Ball 1-0: Ball 2-0: Swinging Strike 2-1: Ball 3-1: Called Strike 3-2: DOUBLE (Line Drive, 9LS, EV 98.1 MPH)
|
|
Batting: RHB Terence Shoebridge
|
0-0: Ball 1-0: Ball 2-0: Foul Ball, location: 2F 2-1: Ball 3-1: Base on Balls
|
|
Batting: SHB Cordie Dillard
|
0-0: Ball 1-0: Called Strike 1-1: Foul Ball, location: 2F 1-2: Ball 2-2: Strikes out looking
|
|
Batting: LHB Gregory Burtt
|
0-0: Ball 1-0: Ball Terence Shoebridge steals 2nd base Greg Legg steals 3rd base 2-0: Ball 3-0: Called Strike 3-1: Foul Ball, location: 2F 3-2: Ground out 4-3 (Groundball, 34D, EV 101.9 MPH) Greg Legg scores Terence Shoebridge to third
|
|
Batting: LHB Randall Curtis
|
0-0: Ball 1-0: Ball 2-0: Ground out 4-3 (Groundball, 4, EV 77.5 MPH)
|
| Bottom of the 2nd over - 1 run, 1 hit, 0 errors, 1 left on base; Ogden 0 - Medicine Hat 1 |
| TOP OF THE 3RD |
|
Ogden Spikes batting - Pitching for Medicine Hat Blue Jays : RHP Darrel Akerfelds
|
|
Batting: LHB Lenny Harris
|
0-0: Ball 1-0: Ball 2-0: Called Strike 2-1: Ball 3-1: SINGLE (Groundball, 56S, EV 74.4 MPH) (infield hit)
|
|
Batting: LHB Everett Graham
|
0-0: Ball 1-0: Called Strike 1-1: Ball 2-1: Ball 3-1: SINGLE (Line Drive, 89M, EV 94.4 MPH) Lenny Harris to second Runner from 2nd tries for 3rd, SAFE, no throw by RF
|
|
Batting: LHB Sam Nattile
|
0-0: Ball 1-0: Swinging Strike 1-1: Ball Everett Graham steals 2nd base 2-1: Ball 3-1: Base on Balls
|
|
Batting: LHB Dave Vetsch
|
0-0: Called Strike 0-1: Ball 1-1: Ball 2-1: Fielders Choice at 2nd, 3-6 (Groundball, 3, EV 101.3 MPH) Lenny Harris scores Everett Graham to third
|
|
Batting: RHB Jeffrey Smith
|
0-0: Swinging Strike 0-1: Ball 1-1: Fly out, F8 (Flyball, 8RD, EV 90.6 MPH) Runner from 3rd tags up, SCORES, throw by CF
|
|
Batting: SHB Mark Lemke
|
0-0: Ground out 4-3 (Groundball, 4, EV 83.8 MPH)
|
| Top of the 3rd over - 2 runs, 2 hits, 0 errors, 1 left on base; Ogden 2 - Medicine Hat 1 |
| BOTTOM OF THE 3RD |
|
Medicine Hat Blue Jays batting - Pitching for Ogden Spikes : RHP Timothy Steverson
|
|
Batting: RHB Burt Milley
|
0-0: Called Strike 0-1: Ball 1-1: Called Strike 1-2: Ball 2-2: Ball 3-2: Foul Ball, location: 2F 3-2: Fly out, F7 (Line Drive, 7, EV 85.0 MPH)
|
|
Batting: RHB Thomas Norko
|
0-0: Ball 1-0: Ground out 4-3 (Groundball, 4M, EV 102.5 MPH)
|
|
Batting: RHB Elias Corona
|
0-0: Ball 1-0: Ball 2-0: Fly out, F5 (Popup, 5SF, EV 81.3 MPH)
|
| Bottom of the 3rd over - 0 runs, 0 hits, 0 errors, 0 left on base; Ogden 2 - Medicine Hat 1 |
| TOP OF THE 4TH |
|
Ogden Spikes batting - Pitching for Medicine Hat Blue Jays : RHP Darrel Akerfelds
|
|
Batting: RHB Ken Kraft
|
0-0: Called Strike 0-1: Foul Ball, location: 2F 0-2: DOUBLE (Flyball, 89D, EV 101.3 MPH)
|
|
Batting: RHB Terry Bell
|
0-0: Ball 1-0: SINGLE (Groundball, 6MD, EV 96.3 MPH) Ken Kraft to third Runner from 3rd tries for Home, SAFE, throw by CF to home
|
|
Batting: LHB Roberto Casasnovas
|
0-0: Foul Ball, location: 2F 0-1: Called Strike 0-2: Foul Ball, location: 2F 0-2: Fly out, F9 (Flyball, 89D, EV 97.5 MPH)
|
|
Batting: LHB Lenny Harris
|
0-0: Called Strike 0-1: Called Strike 0-2: Ball 1-2: Ball 2-2: Fielders Choice at 2nd, 4-6 (Groundball, 4, EV 85.6 MPH)
|
|
Batting: LHB Everett Graham
|
0-0: Foul Ball, location: 2F 0-1: Ball 1-1: Fly out, F9 (Line Drive, 9, EV 104.4 MPH)
|
| Top of the 4th over - 1 run, 2 hits, 0 errors, 1 left on base; Ogden 3 - Medicine Hat 1 |
| BOTTOM OF THE 4TH |
|
Medicine Hat Blue Jays batting - Pitching for Ogden Spikes : RHP Timothy Steverson
|
|
Batting: RHB Carlos Ponce
|
0-0: Ball 1-0: SINGLE (Groundball, 6S, EV 70.6 MPH) (infield hit)
|
|
Batting: RHB Greg Legg
|
0-0: Foul Ball, location: 2F 0-1: SINGLE (Groundball, 6S, EV 70.0 MPH) (infield hit) Carlos Ponce to second
|
|
Batting: RHB Terence Shoebridge
|
0-0: Ball Greg Legg is caught stealing 2nd base 2-4 Carlos Ponce steals 3rd base 1-0: Foul Ball, location: 2F 1-1: Ground out 4-3 (Groundball, 4D, EV 104.4 MPH) Carlos Ponce scores
|
|
Batting: SHB Cordie Dillard
|
0-0: Ball 1-0: Fly out, F8 (Flyball, 89M, EV 71.9 MPH)
|
| Bottom of the 4th over - 1 run, 2 hits, 0 errors, 0 left on base; Ogden 3 - Medicine Hat 2 |
| TOP OF THE 5TH |
|
Ogden Spikes batting - Pitching for Medicine Hat Blue Jays : RHP Darrel Akerfelds
|
|
Batting: LHB Sam Nattile
|
0-0: Swinging Strike 0-1: Fly out, F7 (Flyball, 7LS, EV 93.8 MPH)
|
|
Batting: LHB Dave Vetsch
|
0-0: Called Strike 0-1: Ball 1-1: Ball 2-1: Ball 3-1: Swinging Strike 3-2: Base on Balls
|
|
Batting: RHB Jeffrey Smith
|
0-0: Ball 1-0: Called Strike Dave Vetsch steals 2nd base 1-1: Fly out, F9 (Flyball, 9S, EV 75.0 MPH)
|
|
Batting: SHB Mark Lemke
|
0-0: Ball 1-0: Ball 2-0: Ball 3-0: Called Strike 3-1: Foul Ball, location: 2F 3-2: Fly out, F5 (Popup, 56S, EV 62.5 MPH)
|
| Top of the 5th over - 0 runs, 0 hits, 0 errors, 1 left on base; Ogden 3 - Medicine Hat 2 |
| BOTTOM OF THE 5TH |
|
Medicine Hat Blue Jays batting - Pitching for Ogden Spikes : RHP Timothy Steverson
|
|
Batting: LHB Gregory Burtt
|
0-0: Swinging Strike 0-1: Reached on error, E6 (Groundball, 56D, EV 98.1 MPH)
|
|
Batting: LHB Randall Curtis
|
0-0: Foul Ball, location: 2F 0-1: Foul Ball, location: 2F 0-2: Foul Ball, location: 2F 0-2: Fielders Choice at 2nd, 6-4 (Groundball, 6, EV 81.3 MPH)
|
|
Batting: RHB Burt Milley
|
0-0: Ball 1-0: Ground out 5-3 (Groundball, 5S, EV 56.9 MPH) Randall Curtis to second
|
|
Batting: RHB Thomas Norko
|
0-0: Called Strike 0-1: Swinging Strike 0-2: Foul Ball, location: 2F 0-2: Foul Ball, location: 2F 0-2: Ball 1-2: Foul Ball, location: 2F 1-2: Fly out, F9 (Flyball, 89D, EV 98.1 MPH)
|
| Bottom of the 5th over - 0 runs, 0 hits, 1 error, 1 left on base; Ogden 3 - Medicine Hat 2 |
| TOP OF THE 6TH |
|
Ogden Spikes batting - Pitching for Medicine Hat Blue Jays : RHP Darrel Akerfelds
|
|
Batting: RHB Ken Kraft
|
0-0: Called Strike 0-1: Ball 1-1: Swinging Strike 1-2: Ground out 6-3 (Groundball, 6, EV 79.4 MPH)
|
|
Batting: RHB Terry Bell
|
0-0: Called Strike 0-1: Foul Ball, location: 2F 0-2: Ball 1-2: Strikes out swinging
|
|
Batting: LHB Roberto Casasnovas
|
0-0: Fly out, F5 (Line Drive, 5, EV 66.9 MPH)
|
| Top of the 6th over - 0 runs, 0 hits, 0 errors, 0 left on base; Ogden 3 - Medicine Hat 2 |
| BOTTOM OF THE 6TH |
|
Medicine Hat Blue Jays batting - Pitching for Ogden Spikes : RHP Timothy Steverson
|
|
Batting: RHB Elias Corona
|
0-0: Ball 1-0: Ball 2-0: Ground out 2-3 (Groundball, 15S, EV 70.6 MPH)
|
|
Batting: RHB Carlos Ponce
|
0-0: Ball 1-0: Ball 2-0: Called Strike 2-1: Swinging Strike 2-2: Ground out U3 (Groundball, 34, EV 77.5 MPH)
|
|
Pitching: RHP Douglas Barba
|
|
|
Batting: RHB Greg Legg
|
0-0: Swinging Strike 0-1: Foul Ball, location: 2F 0-2: Ball 1-2: Foul Ball, location: 2F 1-2: Ball 2-2: Ball 3-2: Foul Ball, location: 2F 3-2: Base on Balls
|
|
Batting: RHB Terence Shoebridge
|
0-0: Ball 1-0: Ball 2-0: Ground out 4-3 (Groundball, 34, EV 85.0 MPH)
|
| Bottom of the 6th over - 0 runs, 0 hits, 0 errors, 1 left on base; Ogden 3 - Medicine Hat 2 |
| TOP OF THE 7TH |
|
Ogden Spikes batting - Pitching for Medicine Hat Blue Jays : RHP Darrel Akerfelds
|
|
Batting: LHB Lenny Harris
|
0-0: Called Strike 0-1: Ball 1-1: Ground out 6-3 (Groundball, 6S, EV 73.8 MPH)
|
|
Batting: LHB Everett Graham
|
0-0: Ball 1-0: Ground out 6-3 (Groundball, 6, EV 81.9 MPH)
|
|
Batting: LHB Sam Nattile
|
0-0: Called Strike 0-1: SINGLE (Line Drive, 9S, EV 108.8 MPH)
|
|
Batting: LHB Dave Vetsch
|
0-0: Swinging Strike 0-1: Ball 1-1: Ball 2-1: Ball 3-1: Foul Ball, location: 2F 3-2: Base on Balls Sam Nattile to second
|
|
Batting: RHB Jeffrey Smith
|
0-0: Ball 1-0: Foul Ball, location: 2F 1-1: Swinging Strike 1-2: Foul Ball, location: 2F 1-2: Ball 2-2: Strikes out swinging
|
| Top of the 7th over - 0 runs, 1 hit, 0 errors, 2 left on base; Ogden 3 - Medicine Hat 2 |
| BOTTOM OF THE 7TH |
|
Medicine Hat Blue Jays batting - Pitching for Ogden Spikes : RHP Douglas Barba
|
|
Batting: SHB Cordie Dillard
|
0-0: SINGLE (Groundball, 4MD, EV 101.3 MPH)
|
|
Batting: LHB Gregory Burtt
|
0-0: Ball 1-0: DOUBLE (Flyball, 78D, EV 88.8 MPH) Cordie Dillard to third
|
|
Pinch Hitting: LHB Jeffrey Wilson
|
0-0: Called Strike 0-1: Ball 1-1: Ball 2-1: Swinging Strike 2-2: Ball 3-2: Foul Ball, location: 2F 3-2: Foul Ball, location: 2F Balk! Cordie Dillard scores Gregory Burtt to third 3-2: Intentional Walk
|
|
Batting: RHB Burt Milley
|
0-0: Ball 1-0: Ball 2-0: Called Strike 2-1: Ball 3-1: Base on Balls Jeffrey Wilson to second
|
|
Batting: RHB Thomas Norko
|
0-0: Ball 1-0: Foul Ball, location: 2F 1-1: Foul Ball, location: 2F 1-2: SINGLE (Groundball, 6MD, EV 101.9 MPH) Gregory Burtt scores Jeffrey Wilson to third Burt Milley to second Runner from 3rd tries for Home, SAFE, throw by CF to home
|
|
Batting: RHB Elias Corona
|
0-0: Ball 1-0: Ball 2-0: Ball 3-0: Called Strike 3-1: Base on Balls Burt Milley to third Thomas Norko to second
|
|
Batting: RHB Carlos Ponce
|
0-0: Called Strike 0-1: SINGLE (Groundball, 56D, EV 101.9 MPH) Burt Milley scores Thomas Norko to third Elias Corona to second Runner from 3rd tries for Home, SAFE, throw by LF to home
|
|
Batting: RHB Greg Legg
|
0-0: Ball 1-0: Ball 2-0: Swinging Strike 2-1: DOUBLE (Line Drive, 89D, EV 101.3 MPH) Elias Corona scores Carlos Ponce to third
|
|
Batting: RHB Terence Shoebridge
|
0-0: Called Strike 0-1: SINGLE (Groundball, 6MD, EV 106.3 MPH) Carlos Ponce scores Greg Legg to third Runner from 3rd tries for Home, SAFE, throw by CF to home
|
|
Pitching: LHP Jose Davila
|
|
|
Batting: SHB Cordie Dillard
|
0-0: Ball 1-0: Ball 2-0: Called Strike 2-1: Fly out, F6 (Line Drive, 6, EV 63.8 MPH)
|
|
Batting: LHB Gregory Burtt
|
0-0: SINGLE (Groundball, 6D, EV 105.6 MPH) Terence Shoebridge to second
|
|
Batting: LHB Jeffrey Wilson
|
0-0: Called Strike 0-1: Ball 1-1: Foul Ball, location: 2F 1-2: Ball 2-2: Ball 3-2: Grounds into double play, 6-4-3 (Groundball, 56, EV 80.6 MPH)
|
| Bottom of the 7th over - 8 runs, 7 hits, 0 errors, 1 left on base; Ogden 3 - Medicine Hat 10 |
| TOP OF THE 8TH |
|
Ogden Spikes batting - Pitching for Medicine Hat Blue Jays : RHP Darrel Akerfelds
|
|
Now at SS: Manuel DelRosario
|
|
|
Pinch Hitting: RHB Juan Nieto
|
0-0: Ball 1-0: Fly out, F7 (Line Drive, 7, EV 85.6 MPH)
|
|
Pinch Hitting: RHB Eric Garrett
|
0-0: Ball 1-0: Swinging Strike 1-1: Swinging Strike 1-2: Ball 2-2: Strikes out looking
|
|
Batting: RHB Terry Bell
|
0-0: Called Strike 0-1: Ball 1-1: Ball 2-1: Foul Ball, location: 2F 2-2: Ball 3-2: Fly out, F8 (Flyball, 89D, EV 96.3 MPH)
|
| Top of the 8th over - 0 runs, 0 hits, 0 errors, 0 left on base; Ogden 3 - Medicine Hat 10 |
| BOTTOM OF THE 8TH |
|
Medicine Hat Blue Jays batting - Pitching for Ogden Spikes : LHP Jose Davila
|
|
Now at 2B: Eric Garrett
|
|
|
Now at SS: Kevin Stock
|
|
|
Batting: RHB Burt Milley
|
0-0: Ball 1-0: Ball 2-0: Ball 3-0: Called Strike 3-1: Base on Balls
|
|
Batting: RHB Thomas Norko
|
0-0: Called Strike 0-1: Ball 1-1: Foul Ball, location: 2F 1-2: Grounds into double play, 6-4-3 (Groundball, 6, EV 106.3 MPH)
|
|
Batting: RHB Elias Corona
|
0-0: Fly out, F4 (Line Drive, 4, EV 70.0 MPH)
|
| Bottom of the 8th over - 0 runs, 0 hits, 0 errors, 0 left on base; Ogden 3 - Medicine Hat 10 |
| TOP OF THE 9TH |
|
Ogden Spikes batting - Pitching for Medicine Hat Blue Jays : RHP Darrel Akerfelds
|
|
Pinch Hitting: RHB Steve Sproesser
|
0-0: Ball 1-0: Foul Ball, location: 2F 1-1: Swinging Strike 1-2: Ball 2-2: Strikes out swinging
|
|
Batting: LHB Lenny Harris
|
0-0: Ground out 4-3 (Groundball, 4, EV 106.9 MPH)
|
|
Pinch Hitting: RHB Paul Wright
|
0-0: Swinging Strike 0-1: Ball 1-1: Foul Ball, location: 2F 1-2: Ball 2-2: Strikes out swinging
|
| Top of the 9th over - 0 runs, 0 hits, 0 errors, 0 left on base; Ogden 3 - Medicine Hat 10 |
|